 Dungeon Crawl Stone Soup version 0.21.0-25-ge575cb9 (webtiles) character file.

296 Monsterracer the Ducker (level 6, 53/56 HPs)
             Began as a Minotaur Gladiator on Jan 24, 2018.
             Quit the game on level 4 of the Dungeon.
             The game lasted 00:16:18 (5906 turns).

Monsterracer the Ducker (Minotaur Gladiator)        Turns: 5906, Time: 00:16:19

Health: 53/56      AC:  9    Str: 18    XL:     6   Next: 12%
Magic:  14/14      EV: 14    Int:  5    God:
Gold:   222        SH:  0    Dex: 14    Spells: 5/5 levels left

rFire    . . .     SeeInvis .   b - +1 falchion (holy)
rCold    . . .     Gourm    .   (no shield)
rNeg     . . .     Faith    .   e - +0 ring mail
rPois    .         Spirit   .   f - +1 hat
rElec    .         Reflect  .   i - +0 cloak
rCorr    .         Harm     .   (no gloves)
MR       .....                  (no boots)
Stlth    +.........             (no amulet)
HPRegen  0.18/turn              h - +2 ring of protection
MPRegen  0.14/turn              u - ring of magical power

@: no status effects
A: retaliatory headbutt, horns 2
a: no special abilities


You were on level 4 of the Dungeon.
You were not hungry.

You visited 1 branch of the dungeon, and saw 5 of its levels.

You collected 271 gold pieces.
You spent 49 gold pieces at shops.

Inventory:

Hand Weapons
 a - a +2 long sword of electrocution
 b - a +1 falchion of holy wrath (weapon)
Missiles
 d - 4 throwing nets (quivered)
Armour
 e - a +0 ring mail (worn)
 f - a +1 hat (worn)
 i - a +0 cloak (worn)
Jewellery
 h - a +2 ring of protection (left hand)
 u - a ring of magical power (right hand)
Wands
 m - a wand of iceblast (12)
Scrolls
 j - a scroll of fear {!r}
 o - a scroll of enchant weapon {unknown}
 s - 2 scrolls of magic mapping {unknown}
 v - 3 scrolls of teleportation
Potions
 g - 2 potions of cancellation
 k - a potion of degeneration {unknown}
 l - 2 potions of heal wounds
 n - a potion of magic {unknown}
 p - a potion of agility {unknown}
 q - 2 potions of curing
 r - a potion of haste {unknown}
 t - a potion of lignification {unknown}
 w - a potion of flight {unknown}
Comestibles
 c - 6 rations


   Skills:
 + Level 5.5 Fighting
 - Level 4.1 Long Blades
 - Level 2.0 Throwing
 + Level 5.7 Dodging


You had 5 spell levels left.
You didn't know any spells.

Dungeon Overview and Level Annotations

Branches:
Dungeon (5/15)
 Temple: D:4-7

Altars:

Shops:
D:4 [

Annotations:
D:4 Sigmund; troglodite's ghost, novice GnSk


Innate Abilities, Weirdness & Mutations

You reflexively headbutt those who attack you in melee.
You have a pair of horns on your head.


Message History

Troglodite's ghost barely misses you.
You climb upwards.
There is a stone staircase leading down here.
You start resting.
You are feeling very hungry.
You regained 27 hp, and now have 55/56 hp.
You start resting.
HP restored.
Health restored: 56 You climb downwards.
Level annotation: Sigmund; troglodite's ghost, novice GnSk Troglodite's ghost hits you.
There is a stone staircase leading up, spattered with blood here.
You take 4 damage, and have 52/56 hp.
Troglodite's ghost hits you.
You take 6 damage, and have 46/56 hp.
Troglodite's ghost hits you but does no damage.
Troglodite's ghost hits you but does no damage.
Troglodite's ghost hits you but does no damage.
Troglodite's ghost misses you. You furiously retaliate!
You headbutt troglodite's ghost, but do no damage.
Troglodite's ghost hits you.
You take 3 damage, and have 44/56 hp.
Troglodite's ghost hits you but does no damage.
Troglodite's ghost hits you but does no damage.
Troglodite's ghost misses you.
Troglodite's ghost completely misses you.
You furiously retaliate!
You headbutt troglodite's ghost. Troglodite's ghost barely misses you.
Troglodite's ghost hits you!
You take 8 damage, and have 37/56 hp.
Troglodite's ghost misses you.
You riposte.
You closely miss troglodite's ghost. You headbutt troglodite's ghost!
Troglodite's ghost is lightly damaged.
Troglodite's ghost hits you but does no damage.
Troglodite's ghost hits you.
You take 3 damage, and have 35/56 hp.
Troglodite's ghost hits you but does no damage.
Troglodite's ghost barely misses you. You furiously retaliate!
You headbutt troglodite's ghost, but do no damage.
Troglodite's ghost barely misses you.
You riposte.
You barely miss troglodite's ghost.
Your headbutt misses troglodite's ghost.
Troglodite's ghost is lightly damaged.
Troglodite's ghost hits you but does no damage.
Troglodite's ghost hits you but does no damage.
Troglodite's ghost misses you.
You riposte.
You miss troglodite's ghost.
Troglodite's ghost is lightly damaged.
Troglodite's ghost barely misses you. You furiously retaliate!
You headbutt troglodite's ghost, but do no damage.
Troglodite's ghost misses you. You furiously retaliate!
You headbutt troglodite's ghost!
You riposte.
You hit troglodite's ghost but do no damage.
Your headbutt misses troglodite's ghost.
Troglodite's ghost is moderately damaged.
Troglodite's ghost hits you but does no damage.
Troglodite's ghost misses you. You furiously retaliate!
You headbutt troglodite's ghost. Troglodite's ghost hits you.
You take 6 damage, and have 31/56 hp.
Troglodite's ghost hits you!
* * * LOW HITPOINT WARNING * * *
You take 8 damage, and have 23/56 hp.
Troglodite's ghost grins evilly.
Troglodite's ghost hits you.
* * * LOW HITPOINT WARNING * * *
You climb upwards.
There is a stone staircase leading down here.
Unknown command.
You start resting.
You are near starving!
Unknown command.
You regained 20 hp, and now have 43/56 hp.
You start resting.
HP restored.
Health restored: 56
There is a stone staircase leading down here.
There is a stone staircase leading down here.
You see here a stone.
You are starving!
You can't go down here!
You eat one of the 7 rations.
That ration really hit the spot!
There is a stone staircase leading down here.
You see here a stone.
You climb downwards.
Level annotation: Sigmund; troglodite's ghost, novice GnSk
There is a stone staircase leading up here.
An adder comes into view.
You see here a scroll of teleportation.
An adder is nearby!
v - 3 scrolls of teleportation (gained 1)
The adder hisses angrily.
You closely miss the adder. Your headbutt misses the adder.
The adder bites you. The adder closely misses you.
You take 3 damage, and have 53/56 hp.
You closely miss the adder. Your headbutt misses the adder.
The adder misses you.
You hit the adder. You headbutt the adder!
You kill the adder!
Are you sure you want to abandon this character and quit the game? (Confirm with "yes".)

##.....##..# ###.###.
#...####..# ##....##.
##### #..###........
#..#>.........
####..#..........
###.##..#..........
##...##.............
##..<....##..........
##...@..#####.........
##........# ##.........
#.........###......)...
#...........#...........
##......................
#......................
#..$...................
#..............#.......
#.............###.....#


There were no monsters in sight!

Vanquished Creatures
  An ogre (D:4)
  A scorpion (D:4)
  A worker ant (D:3)
  8 adders
  2 worms (D:2)
  A dart slug (D:3)
  4 leopard geckos
  2 orcs
  3 bats (D:1)
  6 goblins
  8 hobgoblins
  6 jackals
  7 kobolds
  3 quokkas (D:3)
  3 frilled lizards
  9 rats
65 creatures vanquished.

Notes
Turn   | Place    | Note
-------+----------+-------------------------------------------
     0 | D:1      | Monsterracer the Minotaur Gladiator began the quest for the Orb.
     0 | D:1      | Reached XP level 1. HP: 18/18 MP: 0/0
   332 | D:1      | Reached XP level 2. HP: 25/25 MP: 1/1
  1051 | D:2      | HP: 13/26 [worm (4)]
  1054 | D:2      | HP: 6/26 [worm (8)]
  1383 | D:2      | Reached XP level 3. HP: 19/31 MP: 2/2
  1551 | D:2      | Found a faded altar of an unknown god.
  2158 | D:2      | HP: 14/33 [worm (10)]
  2185 | D:3      | HP: 15/33 [rat (1)]
  2456 | D:4      | Reached XP level 4. HP: 32/40 MP: 3/3
  2463 | D:5      | Entered Level 5 of the Dungeon
  2545 | D:4      | Noticed Sigmund
  3508 | D:2      | HP: 20/41 [worm (10)]
  3513 | D:2      | HP: 8/41 [worm (8)]
  4028 | D:4      | Reached skill level 5 in Dodging
  4028 | D:4      | Reached XP level 5. HP: 32/47 MP: 4/4
  4226 | D:4      | Noticed troglodite's ghost (novice GnSk)
  4442 | D:4      | Found Noun's Armour Emporium.
  4461 | D:4      | Bought a +0 cloak for 49 gold pieces
  4480 | D:4      | HP: 19/47 [troglodite's ghost (7)]
  4522 | D:4      | HP: 17/47 [troglodite's ghost (3)]
  4534 | D:4      | HP: 18/47 [troglodite's ghost (1)]
  4814 | D:3      | Reached skill level 5 in Fighting
  4936 | D:4      | Noticed an ogre
  4944 | D:4      | HP: 16/48 [ogre/giant club (11)]
  4990 | D:4      | Killed an ogre
  4990 | D:4      | Reached XP level 6. HP: 27/56 MP: 5/5
  5057 | D:4      | HP: 26/56 [Sigmund/scythe of venom (8)]
  5062 | D:3      | HP: 23/56 [poisoned by Sigmund]
  5068 | D:3      | HP: 21/56 [poisoned by Sigmund]
  5076 | D:3      | HP: 20/56 [poisoned by Sigmund]
  5084 | D:3      | HP: 20/56 [poisoned by Sigmund]
  5344 | D:4      | HP: 28/56 [troglodite's ghost (8)]
  5528 | D:4      | HP: 23/56 [troglodite's ghost (8)]
  5906 | D:4      | Quit the game

Skill      XL: |  1  2  3  4  5 |
---------------+----------------+-----
Fighting       | 3 4 5 |  5.5
Dodging        | 4 5 |  5.7
Long Blades    | 4 |  4.1
Throwing       | |  2.0

Action                   |  1- 3 |  4- 6 || total
-------------------------+-------+-------++-------
Melee: Headbutt          |     7 |    10 ||    17
       Falchion          |       |     3 ||     3
  Use: Scroll            |     7 |     3 ||    10
  Eat: Chunk             |     2 |     4 ||     6
       Ration            |     1 |     2 ||     3
Armor: Ring mail         |    65 |    69 ||   134
       Leather armour    |     2 |       ||     2
Dodge: Dodged            |   156 |   155 ||   311
       Rpst.: Long sword |    34 |    40 ||    74
       Falchion          |     1 |     5 ||     6

Vault maps used:
D:1:      lemuel_arrival_behind_the_door_large, hangedman_decor_push,
          minmay_misc_feat_four_crosses, minivault_26
D:2:      chequers_ecumenical_altar_lobes
D:3:      first_ration
D:4:      serial_shops, shop, uniq_sigmund
D:5:      kennysheep_little_box, temple_statues, okawaru_trees_2
